 Dungeon Crawl Stone Soup version 0.18.1-48-g4cf74bf (webtiles) character file.

627 Saki the Ducker (level 7, -10/53 HPs)
             Began as a Merfolk Skald on June 25, 2016.
             Was an Initiate of Okawaru.
             Killed by nerve-wracking pain
             ... invoked by Grinder
              (12 damage)
             ... on level 5 of the Dungeon.
             The game lasted 00:37:49 (8011 turns).

Saki the Ducker (Merfolk Skald)                     Turns: 8011, Time: 00:37:50

Health: -10/53     AC:  5    Str: 14    XL:     7   Next: 48%
Magic:  11/11      EV: 14    Int: 12    God:    Okawaru [......]
Gold:   298        SH:  0    Dex: 13    Spells: 2 memorised, 9 levels left

rFire  . . .     SeeInvis .     a - +0 spear
rCold  . . .     Gourm    .     b - +0 leather armour
rNeg   . . .     Faith    .     (no shield)
rPois  .         Spirit   .     h - +0 helmet
rElec  .         Dismiss  .     e - +0 cloak
rCorr  .         Reflect  .     (no gloves)
SustAt .         Harm     .     (no boots)
MR     .....                    (no amulet)
Stlth  +.........               (no ring)
                                (no ring)

@: not resistant to hostile enchantments, very unstealthy
A: change form in water, swift swim
a: Renounce Religion


You were on level 5 of the Dungeon.
You worshipped Okawaru.
Okawaru was noncommittal.
You were hungry.

You visited 2 branches of the dungeon, and saw 6 of its levels.

You collected 298 gold pieces.

Inventory:

Hand Weapons
 a - a +0 spear (weapon)
 i - a +2 quarterstaff of chaos
 x - the cursed +0 mace "Fumu" {flame, rElec rN+ Str+3, unknown}
   (You found it on level 4 of the Dungeon)

   It has been specially enchanted to burn those struck by it, causing extra
   injury to most foes and up to half again as much damage against particularly
   susceptible opponents.
   It affects your strength (+3).
   It insulates you from electricity.
   It protects you from negative energy.
   It has a curse placed upon it.
Missiles
 f - 91 sling bullets (quivered)
Armour
 b - a +0 leather armour (worn)
 e - a +0 cloak (worn)
 h - a +0 helmet (worn)
Jewellery
 n - a -3 ring of slaying
Scrolls
 g - 5 scrolls of remove curse
 j - 4 scrolls of identify {unknown}
 m - a scroll of recharging {unknown}
 p - a scroll of enchant weapon {unknown}
 s - a scroll of noise {unknown}
 v - a scroll of blinking
 w - a scroll of teleportation {unknown}
Potions
 k - a potion of degeneration {unknown}
 l - a potion of invisibility {unknown}
 o - a potion of haste
 t - a potion of magic {unknown}
Books
 c - a book of Battle

   Spells                             Type                      Level
   a - Infusion                       Charms                       1
   b - Shroud of Golubria             Charms/Translocation         2
   c - Song of Slaying                Charms                       2
   d - Spectral Weapon                Hexes/Charms                 3
   e - Regeneration                   Charms/Necromancy            3
Comestibles
 d - 4 bread rations
 q - a royal jelly
 r - a meat ration
 u - 2 fruits


   Skills:
 + Level 3.8 Fighting
 + Level 4.4 Polearms
 + Level 2.4 Armour
 + Level 5.7 Dodging
 - Level 0.2 Stealth
 + Level 3.0 Spellcasting
 + Level 4.2 Charms
 + Level 1.2 Translocations


You had 9 spell levels left.
You knew the following spells:

 Your Spells              Type           Power        Failure   Level  Hunger
a - Infusion              Chrm           ##..         6%          1    #......
b - Shroud of Golubria    Chrm/Tloc      #.........   14%         2    ###....


Dungeon Overview and Level Annotations

Branches:
Dungeon (5/15)             Temple (1/1) D:5

Altars:
Ashenzari
Cheibriados
Dithmenos
Elyvilon
Fedhas
Gozag
Kikubaaqudgha
Makhleb
Nemelex Xobeh
Okawaru
Qazlal
Ru
Sif Muna
Trog
Vehumet

Annotations:
D:4 ThereIsNoGod's ghost, amateur DsGl
D:5 Grinder; Malvoorn's ghost, novice DsAK; Sigmund


Message History

You struggle to resist.
Grinder grins, showing sharp teeth.
Grinder hits you.
You writhe in agony. x2
You can move again.
Grinder gestures at you.
You struggle to resist.
Grinder gestures at you.
You suddenly lose the ability to move!
Grinder hits you.
You writhe in agony.
Grinder hits you.
* * * LOW HITPOINT WARNING * * *
You writhe in agony.
* * * LOW HITPOINT WARNING * * *
You can move again.
Grinder gestures at you. Pain shoots through your body!
* * * LOW HITPOINT WARNING * * *
Grinder gestures at you. Pain shoots through your body!
You die...

.[..... #.....#
...##############.%...#
..##............#.....#
.##.###########.# #.#
###.# #.# #.# ..<.# #.#
#.# ###.# #.# #.# ....#
#.#####.# #####
#.@..5..# ### #########
..# ###


You could see Grinder.

Vanquished Creatures
  A centaur (D:3)
  The ghost of DankDingDong the Charlatan, an amateur OpAr (D:3)
  A howler monkey (D:4)
  A hound (D:5)
  An orc priest (D:2)
  3 orc wizards (D:4)
  Crazy Yiuf (D:4)
  2 worker ants
  9 adders
  3 gnolls
  2 worms
  A dart slug (D:1)
  6 giant geckos
  11 orcs
  3 giant cockroaches
  10 goblins
  7 hobgoblins
  6 jackals
  2 quokkas
  A ball python (D:3)
  6 bats
  4 giant newts
  13 kobolds
  4 rats
99 creatures vanquished.

Vanquished Creatures (others)
  A bat (D:3)
1 creature vanquished.

Grand Total: 100 creatures vanquished

Notes
Turn   | Place    | Note
--------------------------------------------------------------
     0 | D:1      | Saki the Merfolk Skald began the quest for the Orb.
     0 | D:1      | Reached XP level 1. HP: 16/16 MP: 3/3
   324 | D:1      | Reached XP level 2. HP: 11/22 MP: 5/5
   885 | D:1      | Reached skill level 1 in Armour
   990 | D:1      | Reached XP level 3. HP: 27/28 MP: 6/6
  1289 | D:2      | Reached skill level 2 in Dodging
  1875 | D:3      | Noticed DankDingDong's ghost (amateur OpAr)
  1927 | D:3      | Reached XP level 4. HP: 22/34 MP: 3/7
  2131 | D:3      | Noticed a centaur
  2149 | D:3      | Killed a centaur
  2149 | D:3      | Reached skill level 3 in Dodging
  2149 | D:3      | Reached XP level 5. HP: 14/39 MP: 2/8
  2557 | D:2      | Reached skill level 4 in Dodging
  2570 | D:2      | Learned a level 2 spell: Shroud of Golubria
  2811 | D:3      | Killed DankDingDong's ghost
  2811 | D:3      | Reached XP level 6. HP: 47/47 MP: 0/9
  3062 | D:3      | Found a sparkling altar of Nemelex Xobeh.
  3132 | D:3      | Found a sacrificial altar of Ru.
  3570 | D:4      | Noticed ThereIsNoGod's ghost (amateur DsGl)
  3804 | D:4      | Noticed Crazy Yiuf
  3820 | D:4      | Killed Crazy Yiuf
  3820 | D:4      | Reached skill level 1 in Translocations
  4097 | D:4      | Got a transparent mace
  4375 | D:4      | Reached XP level 7. HP: 52/52 MP: 5/11
  4907 | D:3      | Reached skill level 5 in Dodging
  5602 | D:5      | Entered Level 5 of the Dungeon
  5602 | D:5      | Noticed Malvoorn's ghost (novice DsAK)
  5782 | D:5      | Found a staircase to the Ecumenical Temple.
  5782 | D:5      | Noticed Sigmund
  5796 | Temple   | Entered the Ecumenical Temple
  5853 | Temple   | Became a worshipper of Warmaster Okawaru
  6950 | D:5      | Found a burning altar of Makhleb.
  7973 | D:5      | Noticed Grinder
  7995 | D:5      | Paralysed by Grinder for 4 turns
  8003 | D:5      | Paralysed by Grinder for 5 turns
  8008 | D:5      | HP: 1/53 [Grinder/nerve-wracking pain (6)]
  8011 | D:5      | Killed from afar by Grinder

Skill      XL: |  1  2  3  4  5  6  7 |
---------------+----------------------+-----
Armour         | 1 2 |  2.4
Dodging        | 2 3 4 5 |  5.7
Fighting       | 3 |  3.8
Polearms       | 4 |  4.4
Charms         | 4 |  4.2
Translocations | 1 |  1.2
Spellcasting   | 3 |  3.0
Stealth        | |  0.2

Action                   |  1- 3 |  4- 6 |  7- 9 || total
-------------------------+-------+-------+-------++-------
Melee: Spear             |   160 |   194 |   297 ||   651
 Cast: Infusion          |     4 |     9 |    16 ||    29
       Shroud of Golubri |       |     7 |    15 ||    22
  Use: Scroll            |       |     1 |     2 ||     3
       Potion            |       |       |     3 ||     3
 Stab: Sleeping          |     2 |       |       ||     2
  Eat: Chunk             |     3 |     7 |    10 ||    20
       Pizza             |       |     1 |     1 ||     2
       Fruit             |       |       |     2 ||     2
Armor: Leather armour    |    27 |    51 |    72 ||   150
Dodge: Dodged            |    89 |   116 |   203 ||   408
